 Dungeon Crawl Stone Soup version 0.25-a0-435-g4b9beb1024 (webtiles) character file.

Game seed: 13216912237547811880, levelgen mode: deterministic

78 Ijustatesigmund the Chopper (level 4, -5/33 HPs)
             Began as an Octopode Fighter on Jan 29, 2020.
             Slain by a centaur (9 damage)
             ... on level 3 of the Dungeon.
             The game lasted 00:02:42 (2022 turns).

Ijustatesigmund the Chopper (Octopode Fighter)      Turns: 2022, Time: 00:02:43

Health: -5/33      AC:  1    Str: 20    XL:     4   Next: 36%
Magic:  4/4        EV: 11    Int: 10    God:
Gold:   158        SH:  9    Dex: 12    Spells: 3/3 levels left

rFire    . . .     SeeInvis .   a - +0 war axe
rCold    + . .     Gourm    .   b - +0 shield
rNeg     . . .     Faith    .   (helmet restricted)
rPois    .         Spirit   .   (no amulet)
rElec    .         Reflect  .   h - ring of stealth
rCorr    .         Harm     .   k - ring of protection from cold
MR       .....                  (no ring)
Stlth    +++.......             (no ring)
HPRegen  0.11/turn              (no ring)
MPRegen  0.09/turn              (no ring)
                                (no ring)
                                (no ring)

@: mighty
A: almost no armour, stealthy swim, amphibious, 8 rings, constrict 8, camouflage
1, gelatinous body 1
a: no special abilities


You were on level 3 of the Dungeon.
You were very hungry.

You visited 1 branch of the dungeon, and saw 3 of its levels.

You collected 158 gold pieces.

Inventory:

Hand Weapons
 a - a +0 war axe (weapon)
Armour
 b - a +0 shield (worn)
Jewellery
 h - a ring of stealth (left tentacle)
 j - an uncursed ring of ice
 k - a ring of protection from cold (right tentacle)
Potions
 c - a potion of might
 i - a potion of lignification
 l - a potion of heal wounds
Comestibles
 d - 4 rations


   Skills:
 + Level 3.7 Fighting
 * Level 3.8 Axes
 - Level 3.0 Dodging
 - Level 3.0 Shields


You had 3 spell levels left.
You didn't know any spells.
Your spell library was empty.

Dungeon Overview and Level Annotations

Branches:
Dungeon (3/15)

Altars:


Innate Abilities, Weirdness & Mutations

You cannot wear most types of armour.
You are very stealthy in the water. (Stealth+)
You are amphibious.
You can wear up to eight rings at the same time.
You can use your tentacles to constrict eight enemies at once.
Your skin changes colour to match your surroundings (Stealth+).
Your rubbery body absorbs attacks. (AC +1, EV +1)


Message History

You are too injured to fight recklessly!
You are too injured to fight recklessly!
You are too injured to fight recklessly!
You are too injured to fight recklessly!
You are too injured to fight recklessly!
You are too injured to fight recklessly!
You are too injured to fight recklessly!
You are too injured to fight recklessly!
You are too injured to fight recklessly!
You are too injured to fight recklessly!
You are too injured to fight recklessly!
You feel very mighty all of a sudden. You block the centaur's attack.
You closely miss the centaur. You block the centaur's attack.
The centaur hits you.
* * * LOW HITPOINT WARNING * * *
You hit the centaur. Your squeeze misses the centaur.
The centaur is lightly wounded.
You block the centaur's attack. The centaur hits you!
You die...

##.... #.#.# .....
....# .... #.#.# ...
#.#.# .. #.#.### #.
#.#...
#.###.#.###########
#c@(.............<#
#.........#.###########
...........#.#
.#.#######.#.# # #.#.#
#.#.# #.#.# ..#.# #.#


You could see a centaur.

Vanquished Creatures
  3 adders
  A dart slug (D:1)
  4 leopard geckos
  An orc (D:2)
  4 bats
  2 giant cockroaches
  3 goblins
  6 hobgoblins
  4 jackals (D:1)
  2 ball pythons
  3 frilled lizards (D:2)
  3 kobolds
  7 rats
43 creatures vanquished.

Notes
Turn   | Place    | Note
-------+----------+-------------------------------------------
     0 | D:1      | Ijustatesigmund the Octopode Fighter began the quest for
                  | the Orb.
     0 | D:1      | Reached XP level 1. HP: 16/16 MP: 1/1
   310 | D:1      | Reached XP level 2. HP: 19/21 MP: 2/2
   549 | D:1      | Reached XP level 3. HP: 25/26 MP: 3/3
  1443 | D:2      | Reached XP level 4. HP: 25/33 MP: 4/4
  2015 | D:3      | Noticed a centaur
  2022 | D:3      | Slain by a centaur

Levels and vault maps discovered:
D:1:      nicolae_arrival_washed_ashore, layout_basic,
          chequers_serial_rivers_micro_c
D:2:      layout_rooms, serial_bayou_ford_a, minmay_tetromino_s2
D:3:      layout_basic, fiery_altar_vehumet, nicolae_overflow_crystal_walls

Skill      XL: |  1  2 |
---------------+-------+-----
Axes           | 3 |  3.8
Fighting       | |  3.7
Dodging        | |  3.0
Shields        | |  3.0

Action                   |  1- 3 |  4- 6 || total
-------------------------+-------+-------++-------
Melee: War axe           |    56 |    14 ||    70
       Constrict         |    20 |     4 ||    24
       Tentacles         |    13 |     5 ||    18
  Use: Potion            |     2 |     1 ||     3
       Scroll            |       |     4 ||     4
 Stab: Sleeping          |    10 |     2 ||    12
       Distracted        |     2 |       ||     2
  Eat: Chunk             |     1 |     1 ||     2
Armor: Skin              |     6 |       ||     6
Dodge: Dodged            |    34 |     2 ||    36
Block: Shield            |    14 |     6 ||    20

Table legend:
 A = Non-vault XP
 B = Vault XP
 C = Vault XP percentage of total XP
 D = Non-vault monster count
 E = Vault monster count
 F = Vault count percentage of total count
                 A         B        C        D         E       F
            +---------+---------+-------+---------+---------+-------
      Total |     112 |       0 |   0.0 |      43 |       0 |   0.0
            +---------+---------+-------+---------+---------+-------
        D:1 |      50 |       0 |   0.0 |      20 |       0 |   0.0
        D:2 |      59 |       0 |   0.0 |      21 |       0 |   0.0
        D:3 |       3 |       0 |   0.0 |       2 |       0 |   0.0
            +---------+---------+-------+---------+---------+-------
